 Dungeon Crawl Stone Soup version 0.31.0-32-g396128a36d (webtiles) character file.

Game seed: 8134835686636211863

4381 Alphaeus the Grappler (level 10, -1/144 HPs)
             Began as a Troll Shapeshifter on Mar 19, 2024.
             Was an Initiate of Qazlal.
             Slain by Amaemon
             ... wielding a -2 demon whip of venom
              (6 damage)
             ... on level 8 of the Dungeon.
             The game lasted 00:09:05 (6307 turns).

Alphaeus the Grappler (Troll Shapeshifter)          Turns: 6307, Time: 00:09:06

Health: -1/144     AC: 25    Str: 28    XL:     10   Next: 13%
Magic:  9/9        EV:  1    Int:  6    God:    Qazlal [......]
Gold:   239        SH:  0    Dex:  9    Spells: 9/9 levels left

rFire   . .          .
                       - Unarmed
rCold   . . .        (no shield)
rNeg    . . .        a - melded +0 animal skin
rPois   +            (helmet currently unavailable)
rElec   .            (cloak currently unavailable)
rCorr   .            (gloves unavailable)
SInv    .            (boots unavailable)
Will    .....        (no amulet)
Stlth   +            (no ring)
HPRegen 1.24/turn    (no ring)
MPRegen 0.11/turn

%: no passive effects
@: tree-form
A: stationary, stasis, torment immunity, boosted hp, large, unfitting armour,
(claws 3), regeneration 1, (shaggy fur 1), (tough skin 1)
a: Renounce Religion


You were on level 8 of the Dungeon.
You worshipped Qazlal.
Qazlal was noncommittal.
You were a tree.
You visited 2 branches of the dungeon, and saw 9 of its levels.
You also visited: Ossuary.

You collected 359 gold pieces.
You spent 120 gold pieces at shops.

Inventory:

Missiles
 q - a throwing net (quivered)
 y - 3 large rocks
Armour
 a - a +0 animal skin (melded)
 x - a +0 kite shield
 E - a +1 robe of cold resistance
Jewellery
 o - an amulet of magic regeneration
 p - a ring of see invisible
Talismans
 d - a flux talisman
 G - a beast talisman (active)
Wands
 c - a wand of polymorph (17)
 w - a wand of paralysis (4)
 I - a wand of flame (14)
Scrolls
 e - 5 scrolls of revelation {unknown}
 f - a scroll of noise {unknown}
 g - 2 scrolls of brand weapon {unknown}
 h - 11 scrolls of identify {unknown}
 i - a scroll of acquirement {unknown}
 j - a scroll of blinking {unknown}
 l - 2 scrolls of enchant weapon {unknown}
 n - 6 scrolls of immolation {unknown}
 t - 5 scrolls of teleportation
 z - a scroll of torment {unknown}
 A - a scroll of amnesia {unknown}
 B - a scroll of fear {unknown}
 F - 2 scrolls of poison {unknown}
 H - a scroll of enchant armour {unknown}
Potions
 b - 2 potions of lignification
 k - 2 potions of curing
 m - a potion of magic {unknown}
 r - 3 potions of enlightenment {unknown}
 s - a potion of invisibility {unknown}
 u - a potion of heal wounds
 v - 2 potions of attraction {unknown}
 C - a potion of might {unknown}
 D - 2 potions of haste {unknown}


   Skills:
 + Level 5.5 Fighting
 - Level 1.5 Dodging
 * Level 9.9 Unarmed Combat
 * Level 9.1 Shapeshifting


You had 9 spell levels left.
You didn't know any spells.
Your spell library contained the following spells:

 Spells                   Type           Power      Damage    Failure   Level
 Slow                     Hex            0%         N/A       45%         1
 Call Imp                 Summ           0%         N/A       58%         2
 Sublimation of Blood     Necr           0%         N/A       58%         2
 Confusing Touch          Hex            0%         N/A       83%         3
 Dazzling Flash           Conj/Hex       0%         N/A       83%         3
 Mephitic Cloud           Conj/Alch/Air  0%         N/A       83%         3
 Sigil of Binding         Hex            0%         N/A       83%         3
 Vampiric Draining        Necr           0%         2d6       83%         3
 Curse of Agony           Necr           0%         N/A       100%        5
 Silence                  Hex/Air        0%         N/A       100%        5
 Summon Hydra             Summ           0%         N/A       100%        7


Dungeon Overview and Level Annotations

Branches:
Dungeon (8/15)             Temple (1/1) D:7         Ossuary (visited)
   Lair: D:8-11

Altars:
Ashenzari
Cheibriados
Dithmenos
Elyvilon
Fedhas
Gozag
Hepliaklqana
Kikubaaqudgha
Makhleb
Nemelex Xobeh
Okawaru
Qazlal
Ru
Sif Muna
Trog
Uskayaw
Vehumet
Wu Jian
Yredelemnul
Zin
The Shining One

Shops:
D:4 !(*:?   D:6 !*?

Annotations:
D:8 Amaemon


Innate Abilities, Weirdness & Mutations

You are a tree.
Your roots penetrate the ground, keeping you stationary.
You cannot be teleported.
You are immune to unholy pain and torment.
Your maximum health is greatly increased.
Your equipment is partially melded.
You are too large for most types of armour.
((You have claws for hands.))
Your natural rate of healing is unusually fast.
((You are covered in fur. (AC +1)))
((You have tough skin. (AC +1)))


Message History

The scorpion poisons you!
The scorpion stings you but does no damage. x2
The orange demon stings you from afar!
* * * LOW HITPOINT WARNING * * *
You resist. Amaemon hits you but does no damage.
You are more poisoned.
Amaemon barely misses you.
Amaemon tail-slaps you but does no damage.
You hit Amaemon.
Amaemon is heavily wounded.
* * * LOW HITPOINT WARNING * * *
You feel very sick. The scorpion completely misses you.
The scorpion stings you but does no damage. x3
The scorpion stings you.
* * * LOW HITPOINT WARNING * * *
The orange demon stings you but does no damage.
Amaemon hits you but does no damage.
You are more poisoned.
Amaemon claws you.
* * * LOW HITPOINT WARNING * * *
Amaemon tail-slaps you but does no damage.
The scorpion stings you but does no damage.
You feel better.
The scorpion stings you but does no damage. x3
The orange demon stings you from afar.
* * * LOW HITPOINT WARNING * * *
You resist. Amaemon barely misses you. Amaemon claws you but does no damage.
Amaemon tail-slaps you but does no damage.
The scorpion stings you but does no damage. x2
You smack Amaemon!
Amaemon is heavily wounded.
You feel yourself speed up. The scorpion stings you.
* * * LOW HITPOINT WARNING * * *
The orange demon stings you from afar.
* * * LOW HITPOINT WARNING * * *
You resist.
Amaemon hits you with a -2 demon whip of venom.
You die...

##### ##########....
........$...#
......./....#
.........?..#
............#.<#.#.#
.......4.s..##.....#
...#...#6ss.#......#.#
#.4.##♣s.#......#.#
#.... ##.##......#.#
#..!. #...+(.....#.#
##...##...#......#.#
#####...........#.#
#.....####+#...#
#.....#........#
#.......##...#.#
###+#.########.#


You could see Amaemon, an orange demon (curare) and 4 scorpions.

Vanquished Creatures
  Pikel (D:5)
  Maurice (D:7)
  Maggie (D:7)
  Psyche (D:8)
  Sigmund (D:3)
  A steam dragon (D:8)
  2 water moccasins
  Duvessa (D:5)
  2 black bears
  A sky beast (D:7)
  An orc warrior (D:6)
  3 ogres
  A centaur (D:7)
  A phantom (D:5)
  A kobold brigand (D:5)
  3 bullfrogs (D:7)
  2 water moccasin zombies (Ossuary)
  3 scorpions
  Dowan (D:5)
  4 wights
  2 centaur zombies (Ossuary)
  2 bullfrog zombies (Ossuary)
  A jelly (D:5)
  A bombardier beetle (D:6)
  2 hounds
  An orc priest (D:6)
  2 sleepcaps
  An iguana (D:5)
  4 orc wizards
  2 scorpion zombies (Ossuary)
  Natasha (thrice) (D:2)
  An ogre zombie (Ossuary)
  4 gnolls (D:3)
  10 adders
  A shadow imp (D:5)
  A white imp (D:7)
  4 adder zombies (Ossuary)
  4 dart slugs
  A ribbon worm (D:4)
  17 orcs
  11 endoplasms
  5 giant cockroaches
  10 goblins
  7 hobgoblins
  2 jackals (D:1)
  4 ball pythons
  6 bats
  4 frilled lizards
  2 gnoll zombies (Ossuary)
  5 goblin zombies (Ossuary)
  2 hobgoblin zombies (Ossuary)
  13 kobolds
  3 orc zombies (Ossuary)
  7 rats
177 creatures vanquished.

Notes
Turn   | Place    | Note
-------+----------+-------------------------------------------
     0 | D:1      | Alphaeus the Troll Shapeshifter began the quest for the
                  | Orb.
     0 | D:1      | Reached XP level 1. HP: 18/18 MP: 0/0
   121 | D:1      | Reached skill level 1 in Fighting
   178 | D:1      | Reached XP level 2. HP: 27/27 MP: 1/1
   977 | D:2      | Reached XP level 3. HP: 15/33 MP: 2/2
  1255 | D:2      | Noticed Natasha
  1265 | D:2      | Killed Natasha
  1266 | D:2      | Reached XP level 4. HP: 8/41 MP: 3/3
  1336 | D:2      | Noticed Natasha
  1340 | D:2      | Killed Natasha
  1604 | D:2      | Noticed Natasha
  1609 | D:2      | Killed Natasha
  1610 | D:2      | Reached XP level 5. HP: 49/49 MP: 4/4
  1906 | D:3      | Noticed Sigmund
  1918 | D:3      | Killed Sigmund
  1919 | D:3      | Reached XP level 6. HP: 41/57 MP: 5/5
  2080 | D:3      | Reached skill level 5 in Unarmed Combat
  2687 | D:4      | Reached skill level 5 in Shapeshifting
  2700 | D:4      | Found Lis Wame's Antique Weapon Boutique.
  2771 | D:4      | Found Usyvecho's Distillery.
  2780 | D:4      | Bought a potion of curing for 30 gold pieces
  2780 | D:4      | Bought a potion of heal wounds for 50 gold pieces
  2780 | D:4      | Bought a potion of degeneration for 10 gold pieces
  2943 | D:4      | Found Umuhufuc's Assorted Antiques.
  2945 | D:4      | Found Biroeran's Magic Scroll Shop.
  2958 | D:4      | Bought a scroll of teleportation for 30 gold pieces
  3184 | D:4      | Found Aleassas's Book Shop.
  3488 | D:5      | Entered Level 5 of the Dungeon
  3501 | D:5      | Reached XP level 7. HP: 57/66 MP: 6/6
  3753 | D:5      | Noticed Duvessa
  3753 | D:5      | Noticed Pikel
  3771 | D:5      | Killed Pikel
  3772 | D:5      | Reached XP level 8. HP: 43/76 MP: 7/7
  3773 | D:5      | Noticed Dowan
  3779 | D:5      | Killed Duvessa
  3792 | D:5      | Killed Dowan
  3803 | D:5      | Found a sand-covered staircase.
  3834 | Ossuary  | Entered an ossuary
  4011 | Ossuary  | Noticed a silent spectre
  4179 | D:5      | Reached XP level 9. HP: 84/84 MP: 8/8
  4417 | D:6      | Found Hagoxzoe's Magic Scroll Shoppe.
  4604 | D:6      | Found Jeceshree's Assorted Antiques.
  4761 | D:6      | Found a snail-covered altar of Cheibriados.
  5115 | D:6      | Found Humuvis's Distillery.
  5270 | D:7      | Noticed Maurice
  5275 | D:7      | Maurice stole 126 gold
  5276 | D:7      | Maurice stole an amulet of magic regeneration
  5288 | D:7      | Maurice stole a beast talisman
  5289 | D:7      | Maurice stole 4 throwing nets
  5294 | D:7      | Maurice stole a +0 kite shield
  5334 | D:7      | Found an opulent altar of Gozag.
  5336 | D:7      | Found a burning altar of Makhleb.
  5384 | D:7      | Killed Maurice
  5462 | D:7      | Found the +7 Throatcutter {drain, coup de grace}
  5463 | D:7      | Found a hazy altar of Hepliaklqana.
  5463 | D:7      | Found a blossoming altar of Fedhas.
  5463 | D:7      | Found a white marble altar of Elyvilon.
  5464 | D:7      | Found a glowing silver altar of Zin.
  5513 | D:7      | Found a staircase to the Ecumenical Temple.
  5555 | D:7      | Reached skill level 5 in Fighting
  5556 | Temple   | Entered the Ecumenical Temple
  5586 | Temple   | Became a worshipper of Qazlal Stormbringer
  5900 | D:7      | Noticed Maggie
  5910 | D:7      | Killed Maggie
  6141 | D:8      | Noticed Psyche
  6157 | D:8      | Reached XP level 10. HP: 39/96 MP: 9/9
  6158 | D:8      | Killed Psyche
  6294 | D:8      | Noticed Amaemon
  6295 | D:8      | Noticed an orange demon
  6305 | D:8      | HP: 6/144 [scorpion[Amaemon] (3)]
  6307 | D:8      | Slain by Amaemon

Illustrated notes

Levels and vault maps discovered:
D:1:      dpeg_chamrin_arrival_tetris, layout_loops_corners,
          hangedman_decor_slide_cut, serial_bayou_pond_c
D:2:      layout_basic, minmay_misc_feat_tower, serial_bayou_lake_a,
          uniq_natasha
D:3:      layout_loops_ring, uniq_sigmund
D:4:      minmay_inner_zag, layout_cave_pods, serial_shops, nicolae_square_shop,
          shop, shop, nicolae_shop_statue_plus, nicolae_shop_hallway_plus,
          st_stairs_5
D:5:      cheibrodos_thug_alley, layout_rooms, nicolae_ossuary_entry_plus,
          uniq_pikel, uniq_duvessa
D:6:      layout_loops_corners, slow_altar_2, serial_shops,
          nicolae_shop_gibbet_a_chance, nicolae_shop_tiny_glass,
          nicolae_shop_stone
D:7:      layout_rooms, minitemple, temple_pool_b, uniq_maurice, uniq_maggie
D:8:      layout_basic, lair_entry_dummy, minmay_crystal_room,
          nicolae_benzene_ring, eino_small_chamber_without_monster,
          chequers_garden, uniq_psyche, uniq_amaemon
Temple:   nicolae_temple_bog_church

Skill      XL: |  1  2  3  4  5  6  7  8  9 |
---------------+----------------------------+-----
Fighting       | 1 2 3 4 5 |  5.5
Unarmed Combat | 4 5 6 8 9 |  9.9
Shapeshifting  | 4 5 6 7 9 |  9.1
Dodging        | |  1.5

Action                     |  1- 3 |  4- 6 |  7- 9 | 10-12 || total
---------------------------+-------+-------+-------+-------++-------
  Melee: Unarmed           |    77 |   132 |   278 |    16 ||   503
         Punch             |       |     1 |     9 |       ||    10
    Use: Potion            |       |     2 |     2 |     4 ||     8
   Stab: Sleeping          |       |     1 |       |       ||     1
 Armour: Animal skin       |    53 |    72 |   147 |    17 ||   289
         Skin              |       |    13 |   104 |    46 ||   163
  Dodge: Dodged            |    36 |    33 |   117 |     7 ||   193
   Form: Flux              |       |       |     1 |       ||     1
         Beast             |       |       |     1 |       ||     1
